 Dungeon Crawl Stone Soup version 0.24.1-8-ga250c9d538 (webtiles) character file.

Game seed: 12613620699155343222, levelgen mode: deterministic

333 Hugehornet the Changer (level 6, -2/38 HPs)
             Began as an Octopode Transmuter on May 8, 2020.
             Slain by Grinder (8 damage)
             ... while paralysed by Grinder
             ... on level 3 of the Dungeon.
             The game lasted 00:05:19 (3499 turns).

Hugehornet the Changer (Octopode Transmuter)        Turns: 3499, Time: 00:05:19

Health: -2/38      AC:  2    Str: 10    XL:     6   Next: 52%
Magic:  9/11       EV:  5    Int: 17    God:
Gold:   148        SH:  0    Dex: 17    Spells: 1/11 levels left

rFire    . . .     SeeInvis .     - Unarmed
rCold    . . .     Gourm    .   (shield currently unavailable)
rNeg     . . .     Faith    .   (helmet currently unavailable)
rPois    x         Spirit   .   (no amulet)
rElec    .         Reflect  .   (no ring)
rCorr    .         Harm     .   (no ring)
MR       .....                  (no ring)
Stlth    ++........             (no ring)
HPRegen  0.12/turn              (no ring)
MPRegen  0.12/turn              (no ring)
                                (no ring)
                                (no ring)

@: paralysed, spider-form
A: tiny, almost no armour, stealthy swim, (amphibious), 8 rings, (constrict 8)
a: End Transformation


You were on level 3 of the Dungeon.
You were not hungry.
You were a venomous arachnid creature.
You visited 1 branch of the dungeon, and saw 3 of its levels.

You collected 148 gold pieces.

Inventory:

Missiles
 a - 35 arrows
Armour
 d - a +0 hat (melded)
Scrolls
 b - 3 scrolls of remove curse {unknown}
 e - a scroll of teleportation {unknown}
 g - a scroll of blinking {unknown}
 h - a scroll of immolation {unknown}
 i - 2 scrolls of magic mapping {unknown}
 l - 2 scrolls of enchant weapon {unknown}
 m - 3 scrolls of identify {unknown}
 n - a scroll of enchant armour {unknown}
Potions
 f - a potion of resistance {unknown}
 j - 2 potions of haste {unknown}
 k - 2 potions of curing {unknown}
 p - a potion of lignification {unknown}
Comestibles
 c - 5 rations
 o - a chunk of flesh


   Skills:
 - Level 1.0 Fighting
 - Level 2.0 Dodging
 + Level 3.5 Unarmed Combat
 + Level 3.4 Spellcasting
 * Level 3.9 Transmutations
 * Level 2.0 Ice Magic
 - Level 3.4 Poison Magic


You had one spell level left.
You knew the following spells:

 Your Spells              Type           Power        Failure   Level  Hunger
a - Beastly Appendage     Tmut           ###...       11%         1    None
b - Sticks to Snakes      Tmut           ###.....     14%         2    ##.....
c - Spider Form           Tmut/Pois      ###.......   26%         3    ###....
d - Ice Form              Ice/Tmut       ##......     65%         4    ####...

Your spell library contained the following spells:

 Spells                   Type           Power        Failure   Level  Hunger
 Blade Hands              Tmut           ###.......   83%         5    ######.


Dungeon Overview and Level Annotations

Branches:
Dungeon (3/15)

Altars:

Annotations:
D:3 Grinder


Innate Abilities, Weirdness & Mutations

You cannot wear most types of armour.
You are very stealthy in the water. (Stealth+)
((You are amphibious.))
You can wear up to eight rings at the same time.
((You can use your tentacles to constrict eight enemies at once.))
((Your skin changes colour to match your surroundings (Stealth+).))
((Your rubbery body absorbs attacks. (AC +1, EV +1)))


Message History

Grinder misses you.
You hit Grinder.
Grinder is moderately wounded.
Grinder hits you!
You writhe in agony.
You hit Grinder.
Grinder is heavily wounded.
Grinder says, "FISH!"
Grinder misses you.
You hit Grinder but do no damage.
Grinder is heavily wounded.
Grinder gestures at you.
You suddenly lose the ability to move!
Grinder gestures at you.
You barely resist. Grinder hits you!
* * * LOW HITPOINT WARNING * * *
You writhe in agony.
* * * LOW HITPOINT WARNING * * *
Grinder hits you!
You die...

...(.......###(..(((>)....#..####
.....#.....# ###.##.##(.#.....##
....##.....# #.##.#..........#
..(.######## #.##......)..)..#
....# #.###....).)....# ....#
#.###...........# ##..#
#.....#######.#.# #..# #..####
#..... #s## ####.## #.5.# #......
#...# ##...... #...# ........
#...# #...o.< #...# #....oo #####
#...... #...... #######


You could see Grinder.

Vanquished Creatures
  A crimson imp (D:3)
  5 orc wizards
  Terence (D:3)
  5 adders
  An ooze (D:1)
  2 worms (D:2)
  6 dart slugs
  3 leopard geckos
  3 orcs
  4 bats
  4 giant cockroaches
  5 goblins
  4 hobgoblins
  3 jackals (D:1)
  3 quokkas
  5 frilled lizards
  4 kobolds
  8 rats
67 creatures vanquished.

Notes
Turn   | Place    | Note
-------+----------+-------------------------------------------
     0 | D:1      | Hugehornet the Octopode Transmuter began the quest for the
                  | Orb.
     0 | D:1      | Reached XP level 1. HP: 13/13 MP: 3/3
    65 | D:1      | Reached XP level 2. HP: 9/18 MP: 5/5
   334 | D:1      | Learned a level 2 spell: Sticks to Snakes
   556 | D:1      | Reached XP level 3. HP: 13/23 MP: 6/6
   561 | D:1      | Learned a level 3 spell: Spider Form
  1153 | D:2      | Reached skill level 1 in Poison Magic
  1543 | D:2      | Reached XP level 4. HP: 25/28 MP: 6/8
  2055 | D:2      | Reached XP level 5. HP: 24/33 MP: 7/9
  2310 | D:2      | Learned a level 4 spell: Ice Form
  2699 | D:3      | Noticed Terence
  2709 | D:3      | Killed Terence
  2741 | D:3      | Reached skill level 1 in Ice Magic
  2993 | D:3      | Reached XP level 6. HP: 38/38 MP: 8/10
  3485 | D:3      | Noticed Grinder
  3496 | D:3      | Paralysed by Grinder for 6 turns
  3499 | D:3      | Slain by Grinder

Levels and vault maps discovered:
D:1:      dpeg_arrival_erosion, layout_basic
D:2:      layout_basic, minmay_pentomino_q4
D:3:      layout_rooms, uniq_grinder, uniq_terence

Skill      XL: |  1  2  3  4  5  6 |
---------------+-------------------+-----
Transmutations | 3 |  3.9
Poison Magic   | 2 3 |  3.4
Spellcasting   | 3 |  3.4
Ice Magic      | 1 2 |  2.0
Fighting       | |  1.0
Dodging        | |  2.0
Unarmed Combat | |  3.5

Action                   |  1- 3 |  4- 6 || total
-------------------------+-------+-------++-------
Melee: Unarmed           |    74 |   117 ||   191
       Tentacles         |     8 |    13 ||    21
       Constrict         |    17 |    17 ||    34
       Kick              |    10 |    20 ||    30
       Punch             |     1 |     1 ||     2
 Cast: Beastly Appendage |    18 |    20 ||    38
       Spider Form       |       |     4 ||     4
 Stab: Sleeping          |     5 |     3 ||     8
  Eat: Chunk             |     2 |     7 ||     9
Armor: Skin              |    12 |     8 ||    20
Dodge: Dodged            |    41 |    63 ||   104
